 Dungeon Crawl Stone Soup version 0.28-a0-726-g4a9143789a (webtiles) character file.

Game seed: 7367768363054167658

95510 meatgazer the Envoy of Void (level 15, -3/124 HPs)
             Began as a Demonspawn Abyssal Knight on Oct 27, 2021.
             Was a High Priest of Lugonu.
             Slain by a rakshasa (illusionary) (6 damage)
             ... on level 13 of the Dungeon.
             The game lasted 00:51:45 (28736 turns).

meatgazer the Envoy of Void (DsAK)                 Turns: 28736, Time: 00:51:45

Health: -3/124     AC: 27    Str: 23 (24) XL:     15   Next: 66%
Magic:  4/27       EV: 11    Int: 14      God:    Lugonu [*****.]
Gold:   2466       SH:  5    Dex: 15 (16) Spells: 16/18 levels left

rFire   . . .      SeeInvis .   o - +8 great sword "Xofema" {pain, *Corrode Fly Will+}
rCold   . . .      Faith    .   (shield currently unavailable)
rNeg    . . .      Spirit   .   d - +5 ring mail of the Kettle-Drum {Str+3}
rPois   .          Reflect  +   (no helmet)
rElec   .          Harm     .   u - +1 cloak
rCorr   +          Rampage  .   (no gloves)
Will    +++..                   I - +2 pair of boots
Stlth   +.........              g - amulet of reflection
HPRegen 0.30/turn               e - +4 ring of protection
MPRegen 0.20/turn               H - +6 ring of strength

@: flying, unable to read
A: yellow scales 3, powered by death 2, demonic magic 2, demonic touch 2, talons
1, deterioration 1, strong-willed 1, sense surroundings 1, inability to read
while threatened
a: Renounce Religion, Depart the Abyss, Bend Space, Banish, Corrupt, Enter the
Abyss


You were on level 13 of the Dungeon.
You worshipped Lugonu.
Lugonu was extremely pleased with you.
You visited 3 branches of the dungeon, and saw 21 of its levels.
You visited the Abyss 1 time.

You collected 3249 gold pieces.
You spent 783 gold pieces at shops.

Inventory:

Hand Weapons
 a - a +4 falchion
 o - the +8 great sword "Xofema" (weapon) {pain, *Corrode Fly Will+}
   (You found it on level 13 of the Dungeon)

   In the hands of one skilled in necromantic magic, it inflicts extra damage on
   living creatures.
   Fly:       It grants you flight.
   *Corrode:  It may corrode you when you take damage.
   Will:      It increases your willpower.
 p - a +9 vorpal long sword
Armour
 d - the +5 ring mail of the Kettle-Drum (worn) {Str+3}
   (You found it on level 3 of the Abyss)

   Str:       It affects your strength (+3).
 u - a +1 cloak (worn)
 w - a +3 buckler of fire resistance
 I - a +2 pair of boots (worn)
 O - the +0 kite shield of the Wild Haggis {Drain rC+ Str+4}
   (You found it on level 3 of the Lair of Beasts)

   Str:       It affects your strength (+4).
   rC:        It protects you from cold.
   Drain:     It drains your maximum health when unequipped.
Jewellery
 e - a +4 ring of protection (left hand)
 g - an amulet of reflection (around neck)
 H - a +6 ring of strength (right hand)
Wands
 j - a wand of iceblast (13)
 m - a wand of digging (5)
 n - a wand of mindburst (15)
 G - a wand of paralysis (10)
 J - a wand of polymorph (10)
 S - a wand of acid (5)
 T - a wand of flame (17)
Scrolls
 i - a scroll of fear
 r - 2 scrolls of magic mapping
 s - a scroll of holy word
 A - 3 scrolls of teleportation
 B - 2 scrolls of fog
 C - 2 scrolls of amnesia
 F - 4 scrolls of identify
Potions
 b - a potion of lignification
 c - 6 potions of curing
 f - 4 potions of attraction
 h - 4 potions of flight
 k - a potion of invisibility
 l - a potion of magic
 t - 2 potions of resistance
 z - 2 potions of cancellation
 D - 2 potions of brilliance
Miscellaneous
 N - a box of beasts


   Skills:
 + Level 13.6 Fighting
 + Level 12.3 Long Blades
 + Level 13.0 Armour
 - Level 0.8 Dodging
 - Level 8.1 Shields
 + Level 2.1 Spellcasting
 * Level 1.2 Necromancy
 - Level 2.0 Fire Magic
 + Level 17.0 Invocations
 + Level 4.7 Evocations


You had 16 spell levels left.
You knew the following spells:

 Your Spells              Type           Power      Damage    Failure   Level
a - Scorch                Fire           14%        2d6       22%         2

Your spell library contained the following spells:

 Spells                   Type           Power      Damage    Failure   Level
 Apportation              Tloc           2%         N/A       32%         1
 Blink                    Tloc           2%         N/A       45%         2
 Slow                     Hex            1%         N/A       45%         2
 Vampiric Draining        Necr           2%         2d6       52%         3
 Conjure Flame            Conj/Fire      4%         6-21      54%         3
 Ignite Poison            Fire/Tmut/Pois 3%         N/A       58%         3
 Confusing Touch          Hex            1%         N/A       69%         3
 Lesser Beckoning         Tloc           1%         N/A       69%         3
 Ozocubu's Armour         Ice            1%         N/A       69%         3
 Flame Wave               Conj/Fire      4%         3d3       91%         4
 Sticky Flame             Conj/Fire      4%         2d3       91%         4
 Fulminant Prism          Conj/Hex       0%         3d6       97%         4
 Hailstorm                Conj/Ice       1%         3d3       97%         4
 Ice Form                 Ice/Tmut       1%         N/A       97%         4
 Iskenderun's Mystic Bla  Conj/Tloc      1%         2d3       97%         4
 Passage of Golubria      Tloc           1%         N/A       97%         4
 Alistair's Intoxication  Tmut/Pois      0%         N/A       100%        5
 Lee's Rapid Deconstruct  Erth           0%         3d5*      100%        5
 Manifold Assault         Tloc           1%         N/A       100%        5
 Metabolic Englaciation   Hex/Ice        0%         N/A       100%        5
 Silence                  Hex/Air        0%         N/A       100%        5
 Yara's Violent Unravell  Hex/Tmut       0%         3d3       100%        5
 Invisibility             Hex            0%         N/A       100%        6
 Simulacrum               Ice/Necr       1%         N/A       100%        6
 Summon Cactus Giant      Summ           0%         N/A       100%        6
 Malign Gateway           Summ/Tloc      0%         N/A       100%        7
 Lehudib's Crystal Spear  Conj/Erth      0%         10d2      100%        8
 Summon Horrible Things   Summ           0%         N/A       100%        8
 Chain Lightning          Conj/Air       0%         2d1       100%        9
 Fire Storm               Conj/Fire      2%         8d1       100%        9
 Shatter                  Erth           0%         3d5*      100%        9


Dungeon Overview and Level Annotations

Branches:
Dungeon (13/15)            Temple (0/1) D:4            Lair (6/6) D:10
  Swamp (0/4) Lair:4       Spider (0/4) Lair:2        Slime (0/5) Lair:5
    Orc (2/2) D:11            Elf (0/3) Orc:2        Vaults (0/5) D:13

Altars:
Ashenzari
Cheibriados
Elyvilon
Fedhas
Kikubaaqudgha
Makhleb
Ru
Sif Muna
Trog
Uskayaw
Wu Jian
Yredelemnul
The Shining One

Shops:
D:1 *   D:6 *   Orc:2 :*([

Annotations:
Orc:1 corrupted
Abyss:1 Harold, Nessos


Innate Abilities, Weirdness & Mutations

You are completely covered in yellow scales. (AC +4, rCorr)
You regenerate health from kills.
Spells you cast may paralyse nearby enemies.
Your touch may inflict irresistible damage on your foes.
You have sharp toenails.
Your body sometimes deteriorates upon taking damage.
You are strong-willed. (Will+)
You passively map a small area around you.
You sometimes lose the ability to read scrolls when taking damage.


Message History

The rakshasa gestures at you. The lance of force hits you!
* * * LOW HITPOINT WARNING * * *
You are knocked back by the lance of force.
You slam into the rock wall!
* * * LOW HITPOINT WARNING * * *
Press: ? - help, Shift-Dir - straight line, f - rakshasa
Aim: a rakshasa, wielding a +0 trident and wearing a +0 robe (severely wounded, chance to affect: 6%)
The rakshasa is devoured by a tear in reality.
Press: ? - help, Shift-Dir - straight line, f - rakshasa
Aim: a rakshasa, wielding a +0 trident and wearing a +0 robe (translocational energy, severely wounded, chance to affect: 6%)
The rakshasa resists with almost no effort.
You are no longer corroded.
The rakshasa barely misses you.
Press: ? - help, Shift-Dir - straight line, f/p - rakshasa
Aim: a rakshasa, wielding a +0 trident and wearing a +0 robe (translocational energy, severely wounded, chance to affect: 6%)
The rakshasa resists with almost no effort.
The rakshasa hits you but does no damage.
The rakshasa closely misses you.
Press: ? - help, Shift-Dir - straight line, f/p - rakshasa
Aim: a rakshasa, wielding a +0 trident and wearing a +0 robe (translocational energy, severely wounded, chance to affect: 6%)
The rakshasa resists with almost no effort.
The rakshasa hits you from afar with a +0 trident!
* * * LOW HITPOINT WARNING * * *
You block the rakshasa's attack.
Press: ? - help, Shift-Dir - straight line, f/p - rakshasa
Aim: a rakshasa, wielding a +0 trident and wearing a +0 robe (translocational energy, severely wounded, chance to affect: 6%)
The rakshasa resists with almost no effort.
The rakshasa closely misses you.
The rakshasa hits you but does no damage.
Unknown command.
You don't have enough magic at the moment.
Unknown command.
You block the rakshasa's attack.
The rakshasa hits you but does no damage.
Okay, then.
The rakshasa hits you with a +0 trident!
* * * LOW HITPOINT WARNING * * *
The rakshasa hits you with a +0 trident.
You die...

######..#########.#
..................#
..................#
<.###############.#
..# #.# ..#
############.#
..................#
######........§R..#
#.........R@.# **
#............# ,,
.............#
.............#
.............#
##..,...!.........#
.... ..........?..#
.... .............#
.... #######.#


You could see 2 rakshasas.

Vanquished Creatures
  2 boulder beetles
  Fannar (Lair:1)
  2 centaur warriors
  A hydra (Lair:2)
  2 catoblepae
  4 vault guards (D:13)
  4 two-headed ogres
  6 death yaks
  3 orc high priests
  A sixfirhy (D:10)
  A lindwurm (Lair:2)
  3 orc knights (Orc:2)
  A manticore (D:13)
  A wolf spider (Lair:6)
  2 orc sorcerers (Orc:2)
  4 oklob plants
  A will-o-the-wisp (Lair:4)
  3 cyclopes
  12 elephants
  Joseph (D:9)
  11 black mambas
  17 cane toads
  A torpor snail (Lair:2)
  Maggie (Lair:1)
  2 gargoyles
  18 komodo dragons
  4 rime drakes
  A hornet (D:9)
  13 polar bears
  9 trolls
  2 raiju (Lair:6)
  7 slime creatures
  15 blink frogs
  13 dream sheep
  6 wyverns
  2 vampires (D:12)
  2 redbacks (Lair:2)
  2 wraiths (D:9)
  A shadow (D:9)
  8 humans (D:13)
  51 yaks
  Eustachio (D:4)
  8 basilisks
  A redback simulacrum (D:12)
  2 vampire mosquitoes (D:12)
  Grum (D:9)
  6 wargs
  15 hell hounds (Lair:6)
  19 water moccasins
  2 acid dragons
  A floating eye (D:13)
  An ice beast (D:6)
  A sky beast (D:7)
  41 orc warriors
  13 black bears
  27 wolves
  14 centaurs
  2 necrophages
  7 ogres
  3 kobold brigands
  Blork the orc (D:6)
  A gnoll sergeant (D:10)
  14 bullfrogs
  3 scorpions
  2 water moccasin skeletons
  3 wights (D:9)
  3 howler monkeys
  19 killer bees
  2 electric eels
  3 bullfrog zombies
  6 centaur zombies
  2 jellies
  A hound (D:6)
  18 orc priests
  3 iron imps (D:3)
  A centaur skeleton (D:7)
  4 iguanas
  24 orc wizards
  A hound skeleton (D:5)
  13 gnolls
  5 adders
  A shadow imp (D:7)
  2 white imps
  An ufetubus (D:3)
  An adder skeleton (D:5)
  2 worms
  2 dart slugs
  84 orcs
  2 endoplasms
  A giant cockroach (D:3)
  7 goblins
  5 hobgoblins
  4 jackals (D:4)
  26 kobolds
  3 quokkas
  9 ball pythons
  6 bats
  3 frilled lizards (D:2)
  4 rats
698 creatures vanquished.

Vanquished Creatures (others)
  An orc warlord (Orc:1)
  An orc knight (Orc:1)
  A troll (Orc:1)
  An ogre (Orc:1)
  A human (D:6)
  14 fungi
  39 plants
58 creatures vanquished.

Grand Total: 756 creatures vanquished

Notes
Turn   | Place    | Note
-------+----------+-------------------------------------------
     0 | Abyss:1  | meatgazer the Demonspawn Abyssal Knight began the quest for
                  | the Orb.
     0 | Abyss:1  | Reached XP level 1. HP: 18/18 MP: 2/2
     9 | Abyss:1  | Found an ancient bone altar of Kikubaaqudgha.
    13 | Abyss:2  | Found a corrupted altar of Lugonu.
    61 | Abyss:3  | Noticed an ancient zyme
    61 | Abyss:3  | Noticed a green draconian monk
    66 | Abyss:3  | Identified the +5 ring mail of the Kettle-Drum {Str+3}
    68 | D:1      | Escaped the Abyss
   388 | D:1      | Found Jawoydd's Assorted Antiques.
   663 | D:1      | Gained mutation: You regenerate a little health from kills.
                  | [demonic ancestry]
   663 | D:1      | Reached XP level 2. HP: 24/24 MP: 4/4
   798 | D:1      | Reached * piety under Lugonu
  1432 | D:2      | Reached XP level 3. HP: 28/29 MP: 5/5
  1503 | D:2      | Reached skill level 3 in Invocations
  2525 | D:2      | Gained mutation: You are partially covered in yellow
                  | scales. (AC +2) [demonic ancestry]
  2525 | D:2      | Reached XP level 4. HP: 30/35 MP: 6/6
  3124 | D:3      | Found a faded altar of an unknown god.
  3145 | D:3      | Gained mutation: You regenerate health from kills. [demonic
                  | ancestry]
  3145 | D:3      | Reached XP level 5. HP: 42/42 MP: 7/7
  3212 | D:3      | Reached ** piety under Lugonu
  3215 | D:3      | Found a broken altar of Ashenzari.
  3285 | D:3      | Found a bloodstained altar of Trog.
  3434 | D:3      | Found a burning altar of Makhleb.
  3478 | D:3      | Reached skill level 4 in Invocations
  3718 | D:4      | Found a shimmering blue altar of Sif Muna.
  3883 | D:4      | Found a staircase to the Ecumenical Temple.
  3887 | D:4      | Noticed Eustachio
  3908 | D:4      | Killed Eustachio
  3909 | D:4      | Gained mutation: Spells you cast may paralyse adjacent
                  | enemies. [demonic ancestry]
  3909 | D:4      | Reached XP level 6. HP: 21/48 MP: 9/9
  4280 | D:4      | Identified a scroll of acquirement
  4280 | D:4      | Acquired a +6 vorpal long sword
  4616 | D:5      | Entered Level 5 of the Dungeon
  4622 | D:5      | Gained mutation: Spells you cast may paralyse nearby
                  | enemies. [demonic ancestry]
  4622 | D:5      | Reached XP level 7. HP: 55/55 MP: 10/10
  4680 | D:5      | Reached skill level 5 in Invocations
  4846 | D:5      | Reached skill level 5 in Armour
  4852 | D:5      | Reached *** piety under Lugonu
  5113 | D:6      | Found an ancient bone altar of Kikubaaqudgha.
  5113 | D:6      | Noticed a human
  5116 | D:6      | Killed a human
  5118 | D:6      | Reached skill level 5 in Fighting
  5132 | D:6      | Noticed Blork the orc
  5150 | D:6      | Killed Blork the orc
  5153 | D:6      | Reached skill level 6 in Invocations
  5153 | D:6      | Gained mutation: You are mostly covered in yellow scales.
                  | (AC +3) [demonic ancestry]
  5153 | D:6      | Reached XP level 8. HP: 23/62 MP: 12/12
  5493 | D:6      | Found a sacrificial altar of Ru.
  5796 | D:6      | Found Kusor's Assorted Antiques.
  5802 | D:6      | Found a blossoming altar of Fedhas.
  5804 | D:6      | Bought a shiny buckler for 150 gold pieces
  6027 | D:7      | Reached skill level 1 in Shields
  6247 | D:7      | Reached skill level 7 in Invocations
  6306 | D:7      | Reached skill level 5 in Long Blades
  6373 | D:7      | Reached XP level 9. HP: 67/69 MP: 14/14
  6398 | D:7      | Reached **** piety under Lugonu
  6716 | D:8      | Noticed a komodo dragon
  6727 | D:8      | Killed a komodo dragon
  7460 | D:9      | Noticed a two-headed ogre
  7472 | D:9      | Killed a two-headed ogre
  7473 | D:9      | Reached skill level 8 in Invocations
  7793 | D:9      | Noticed Joseph
  7805 | D:9      | Killed Joseph
  7806 | D:9      | Gained mutation: You are completely covered in yellow
                  | scales. (AC +4, rCorr) [demonic ancestry]
  7806 | D:9      | Reached XP level 10. HP: 65/79 MP: 16/16
  7893 | D:9      | You fall into a shaft and drop 1 floor!
  7893 | D:10     | Entered Level 10 of the Dungeon
  7957 | D:10     | Found a runed translucent door.
  7961 | D:10     | Noticed a sixfirhy
  8049 | D:10     | Reached skill level 9 in Invocations
  8073 | D:10     | Found an ornate altar of the Wu Jian Council.
  8224 | D:9      | Noticed a two-headed ogre
  8232 | D:9      | Killed a two-headed ogre
  8246 | D:9      | Noticed a two-headed ogre
  8259 | D:9      | Killed a two-headed ogre
  8260 | D:9      | Reached skill level 10 in Invocations
  8517 | D:9      | Noticed Grum
  8529 | D:9      | Killed Grum
  8531 | D:9      | Noticed a two-headed ogre
  8538 | D:9      | Reached ***** piety under Lugonu
  8547 | D:9      | Reached XP level 11. HP: 81/87 MP: 18/18
  8549 | D:9      | Banished a two-headed ogre
  8597 | D:9      | Noticed Harold
  8635 | D:9      | Banished Harold
  8708 | D:9      | Reached skill level 11 in Invocations
  9012 | D:9      | Found a hide-covered altar of Uskayaw.
  9092 | D:9      | Found a basalt altar of Yredelemnul.
  9448 | D:9      | Found a snail-covered altar of Cheibriados.
  9953 | D:10     | Noticed a two-headed ogre
  9963 | D:10     | Banished a two-headed ogre
 10343 | D:10     | Killed a sixfirhy
 10647 | D:10     | Found a staircase to the Lair.
 10790 | D:11     | Noticed a centaur warrior
 10793 | D:11     | Noticed an eight-headed hydra
 10800 | D:11     | Killed a centaur warrior
 10802 | D:11     | Banished an eight-headed hydra
 11275 | D:11     | Reached skill level 12 in Invocations
 11565 | D:11     | Found a staircase to the Orcish Mines.
 11768 | D:11     | Reached XP level 12. HP: 81/97 MP: 21/21
 12039 | Lair:1   | Entered Level 1 of the Lair of Beasts
 12361 | Lair:1   | Noticed Maggie
 12371 | Lair:1   | Killed Maggie
 12508 | Lair:1   | Reached skill level 10 in Fighting
 12983 | Lair:1   | Reached skill level 10 in Armour
 12991 | Lair:1   | Gained mutation: You have supernaturally acute eyesight.
                  | (SInv) [potion of mutation]
 12991 | Lair:1   | Gained mutation: You are frail. (-10% HP) [potion of
                  | mutation]
 12991 | Lair:1   | Gained mutation: You have hidden genetic potential. [potion
                  | of mutation]
 13144 | Lair:1   | Noticed Fannar
 13157 | Lair:1   | Killed Fannar
 13739 | Lair:2   | Noticed an eight-headed hydra
 13744 | Lair:2   | Banished an eight-headed hydra
 13745 | Lair:2   | Reached skill level 13 in Invocations
 14356 | Lair:2   | Noticed a seven-headed hydra
 14359 | Lair:2   | Banished a seven-headed hydra
 14379 | Lair:2   | Noticed a catoblepas
 15082 | Lair:2   | Killed a catoblepas
 15159 | Lair:2   | Reached skill level 10 in Long Blades
 15175 | Lair:2   | Noticed a death yak
 15179 | Lair:2   | Noticed an eight-headed hydra
 15191 | Lair:2   | Noticed a five-headed hydra
 15194 | Lair:2   | Gained mutation: Your touch may inflict minor irresistible
                  | damage on your foes. [demonic ancestry]
 15194 | Lair:2   | Reached XP level 13. HP: 22/95 MP: 18/23
 15196 | Lair:2   | Reached skill level 14 in Invocations
 15293 | Lair:2   | Gained mutation: You are strong-willed. (Will+) [hidden
                  | potential]
 15834 | Lair:3   | Identified the +1 plate armour of Limited Liability {+Inv
                  | rElec rN++ Will-}
 16297 | Lair:3   | Identified the +0 kite shield of the Wild Haggis {Drain rC+
                  | Str+4}
 16993 | Lair:2   | Found a hole to the Spider Nest.
 17126 | Lair:4   | Reached skill level 5 in Shields
 17497 | Lair:4   | Reached skill level 15 in Invocations
 18418 | Lair:4   | Found a staircase to the Swamp.
 18618 | D:10     | Lost mutation: You are frail. (-10% HP) [potion of
                  | mutation]
 18618 | D:10     | Lost mutation: You are strong-willed. (Will+) [potion of
                  | mutation]
 18618 | D:10     | Lost mutation: You have supernaturally acute eyesight.
                  | (SInv) [potion of mutation]
 18618 | D:10     | Gained mutation: You are strong-willed. (Will+) [potion of
                  | mutation]
 18618 | D:10     | Gained mutation: You sometimes lose the ability to read
                  | scrolls when taking damage. [potion of mutation]
 18618 | D:10     | Gained mutation: You have a pair of small horns on your
                  | head. [potion of mutation]
 18770 | Lair:5   | Found a staircase to the Slime Pits.
 18847 | Lair:5   | Gained mutation: Your touch may inflict irresistible damage
                  | on your foes. [demonic ancestry]
 18847 | Lair:5   | Reached XP level 14. HP: 90/115 MP: 25/25
 20201 | Lair:6   | Entered Level 6 of the Lair of Beasts
 20208 | Lair:6   | Gained mutation: Your system is resistant to poisons.
                  | (rPois) [hidden potential]
 20208 | Lair:6   | Lost mutation: You have hidden genetic potential. [hidden
                  | potential expressed]
 20289 | Lair:6   | Acquired 765 gold pieces
 22370 | Lair:5   | Reached skill level 16 in Invocations
 22941 | Lair:6   | Lost mutation: You have a pair of small horns on your head.
                  | [potion of mutation]
 22941 | Lair:6   | Lost mutation: Your system is resistant to poisons. (rPois)
                  | [potion of mutation]
 22941 | Lair:6   | Lost mutation: You are strong-willed. (Will+) [potion of
                  | mutation]
 22941 | Lair:6   | Gained mutation: Your body sometimes deteriorates upon
                  | taking damage. [potion of mutation]
 22941 | Lair:6   | Gained mutation: You have sharp toenails. [potion of
                  | mutation]
 22941 | Lair:6   | Gained mutation: You passively map a small area around you.
                  | [potion of mutation]
 22941 | Lair:6   | Gained mutation: You are strong-willed. (Will+) [potion of
                  | mutation]
 23176 | Lair:6   | Reached skill level 1 in Evocations
 23433 | Lair:6   | Reached XP level 15. HP: 116/123 MP: 27/27
 23692 | Orc:1    | Entered Level 1 of the Orcish Mines
 23961 | Orc:2    | Entered Level 2 of the Orcish Mines
 23961 | Orc:2    | Found Ymmoluuxt's Antique Weapon Boutique.
 24112 | Orc:2    | Noticed an orc warlord
 24337 | Orc:1    | Corrupted Orc:1
 24357 | Orc:1    | Killed an orc warlord
 24800 | Orc:2    | Noticed Nessos
 24805 | Orc:2    | Banished Nessos
 24838 | Orc:2    | Found Mog Giod's Antique Armour Emporium.
 25015 | Orc:2    | Found Karytut's General Store.
 25082 | Orc:2    | Bought a masterwork ring mail for 243 gold pieces
 25082 | Orc:2    | Identified the +1 ring mail "Ysac" {Regen+ Int+4 Slay-3}
                  | (You bought it in a shop on level 2 of the Orcish Mines)
 25273 | Orc:2    | Found Ejuxeosm's Book Boutique.
 25284 | Orc:2    | Bought a book of Scorching for 390 gold pieces
 25287 | Orc:2    | Learned a level 2 spell: Scorch
 25302 | Orc:2    | Found a staircase to the Elven Halls.
 25906 | Orc:1    | Reached ****** piety under Lugonu
 26504 | D:11     | Reached skill level 1 in Fire Magic
 26509 | D:11     | Reached skill level 1 in Spellcasting
 27837 | D:13     | Reached skill level 17 in Invocations
 27863 | D:13     | Found a gate to the Vaults.
 27873 | D:13     | Identified the +8 great sword "Xofema" {pain, *Corrode Fly
                  | Will+}
 28206 | D:13     | Paralysed by a floating eye for 4 turns
 28677 | D:13     | Reached skill level 1 in Necromancy
 28736 | D:13     | HP: 3/124 [rakshasa (7)]
 28736 | D:13     | Slain by a rakshasa (illusionary)

Illustrated notes

Levels and vault maps discovered:
D:1:      eino_arrival_tree_alley, layout_rooms, serial_shops,
          nicolae_shop_overgrown_old_shop, kennysheep_decorative_pillar,
          kennysheep_doodads, minmay_nonomino_d4
D:2:      layout_loops_corners, roderic_cross_of_infinity
D:3:      layout_rooms, mainiacjoe_overflow_brackets, trog_hazing_becter,
          demons_altar, ebering_ecumenical_altar_petrified
D:4:      layout_loops_corners, mainiacjoe_overflow_catwalk,
          minmay_temple_entry_glass, uniq_eustachio
D:5:      layout_basic
D:6:      layout_basic, mainiacjoe_overflow_concentric_impassable,
          fedhas_altar_2, tgw_kikubaaqudgha, serial_shops, shop,
          uniq_blork_the_orc
D:7:      layout_basic, mainiacjoe_overflow_divided_tiny
D:8:      layout_rooms
D:9:      minmay_four_partial_circles, layout_small_grid, chei_slow_surprise,
          kennysheep_mini, nicolae_overflow_crystal_walls, uniq_joseph,
          uniq_harold, uniq_grum
D:10:     cheibrodos_shockbox, layout_loops_ring, nicolae_wu_jian_wuxing_cycle,
          lair_entry_dummy
D:11:     layout_basic, erik_orc_3
D:12:     layout_cave_pools
D:13:     layout_long_grid, ximxim_vaults_locker_room, disabler_island
Lair:1:   layout_cave_pods, infiniplex_staircase_pool, serial_bayou_shore_b,
          uniq_fannar, uniq_maggie
Lair:2:   nzn_winding_woodlands_huge [nzn_winding_woodlands_5x15_twine,
          nzn_winding_woodlands_5x15_default,
          nzn_winding_woodlands_5x15_pockets,
          nzn_winding_woodlands_5x15_lazy_stream,
          nzn_winding_woodlands_5x15_eye, nzn_winding_woodlands_5x15_parted,
          nzn_winding_woodlands_5x15_concentric,
          nzn_winding_woodlands_5x15_garden,
          nzn_winding_woodlands_5x15_sawtooth,
          nzn_winding_woodlands_5x15_sidewinder,
          nzn_winding_woodlands_center_triple_pond,
          nzn_winding_woodlands_center_pierced_h,
          nzn_winding_woodlands_15x15_killbox], layout_concentric_octagons,
          spider_nest_entry_funnel_web
Lair:3:   layout_loops_ring
Lair:4:   layout_cave_pods, minmay_swamp_entry_wisps, minivault_23
Lair:5:   layout_misc_corridors, minmay_slime_entry_pillars,
          chequers_serial_rivers_marsh
Lair:6:   hangedman_lair_caniforms_friends, layout_cave_shapes,
          grunt_megastairs_5
Orc:1:    layout_diamond_mine
Orc:2:    grunt_orc_gardens, layout_caves, grunt_orc_garden, grunt_orc_garden,
          grunt_orc_garden, grunt_orc_garden, minmay_orc_barracks, uniq_nessos

Skill      XL: |  1  2  3  4  5  6  7  8  9 10 11 12 13 14 15 |
---------------+----------------------------------------------+-----
Armour         | 2 3 4 5 6 7 8 9 10 11 12 13 | 13.0
Long Blades    | 2 3 4 5 6 7 8 10 11 12 | 12.3
Invocations    | 3 4 6 7 8 10 12 13 15 16 17 | 17.0
Fighting       | 4 5 6 7 8 9 11 12 13 | 13.6
Shields        | 2 4 5 7 8 |  8.1
Evocations     | 2 4 |  4.7
Fire Magic     | 2 |  2.0
Spellcasting   | 2 |  2.1
Necromancy     | 1 |  1.2
Dodging        | |  0.8

Action                   |  1- 3 |  4- 6 |  7- 9 | 10-12 | 13-15 || total
-------------------------+-------+-------+-------+-------+-------++-------
Melee: Falchion          |   126 |   148 |       |       |       ||   274
       Long sword        |       |    14 |   258 |   628 |  1412 ||  2312
       Headbutt          |       |       |       |       |   118 ||   118
       Great sword       |       |       |       |       |    38 ||    38
 Cast: Scorch            |       |       |       |       |     2 ||     2
Invok: Depart the Abyss  |     1 |       |       |       |       ||     1
       Banish            |       |       |     1 |    11 |    27 ||    39
       Bend Space        |       |       |       |     6 |     3 ||     9
       Corrupt           |       |       |       |       |     1 ||     1
Evoke: Wand              |       |       |     1 |     6 |    22 ||    29
       Box of beasts     |       |       |       |       |     1 ||     1
  Use: Scroll            |     9 |     2 |     8 |    14 |    20 ||    53
       Potion            |       |     1 |       |     4 |     7 ||    12
 Stab: Distracted        |       |       |       |       |     1 ||     1
Armor: Ring mail         |    86 |    79 |   147 |   267 |   752 ||  1331
Dodge: Dodged            |    69 |    73 |   111 |   214 |   626 ||  1093
Block: Other             |    34 |    35 |    61 |       |     4 ||   134
       Reflection        |     1 |     3 |     5 |    12 |    33 ||    54
       Buckler           |       |       |    16 |   378 |  1079 ||  1473

Table legend: (Time is in decaauts)
 A = Elapsed time spent in this place.
 B = Non-inter-level travel time spent in this place.
 C = Inter-level travel time spent in this place.
 D = Time resting spent in this place.
 E = Time spent auto-exploring this place.
 F = Levels seen in this place.
 G = Mean time per level.
                   A        B        C        D        E       F      G
               +--------+--------+--------+--------+--------+-----+--------+
         Total |  28603 |  27137 |   1466 |   8962 |  13258 |  24 | 1191.8 |
       Dungeon |  15073 |  14425 |    648 |   4976 |   7029 |  13 | 1159.5 |
          Lair |  11154 |  10464 |    690 |   3346 |   5208 |   6 | 1859.0 |
  Orcish Mines |   2308 |   2181 |    127 |    639 |    985 |   2 | 1154.0 |
         Abyss |     67 |     67 |      0 |      0 |     36 |   3 |   22.3 |
               +--------+--------+--------+--------+--------+-----+--------+

Top non-repeatable levels by time:
  Lair:5: 3540 daAuts
  Lair:2: 2715 daAuts
    D:10: 1935 daAuts
     D:9: 1872 daAuts
    D:11: 1846 daAuts
  Lair:4: 1443 daAuts
     D:2: 1414 daAuts
  Lair:6: 1204 daAuts
    D:13: 1191 daAuts
  Lair:1: 1172 daAuts
   Orc:1: 1171 daAuts
   Orc:2: 1137 daAuts
     D:3: 1135 daAuts
     D:1: 1132 daAuts
  Lair:3: 1077 daAuts
